 Dungeon Crawl Stone Soup version 0.24.1-14-gf8d2b509d9 (webtiles) character file.

Game seed: 12075228098340415612, levelgen mode: deterministic

13 Descartes the Charmwright (level 2, 0/13 HPs)
             Began as a Felid Skald on May 29, 2020.
             Slain by a ball python (2 damage)
             ... on level 1 of the Dungeon.
             The game lasted 00:01:27 (929 turns).

Descartes the Charmwright (Felid Skald)              Turns: 929, Time: 00:01:28

Health: 0/13       AC:  1    Str:  7    XL:     2   Next: 24%
Magic:  6/6        EV: 15    Int: 14    God:
Gold:   36         SH:  0    Dex: 15    Spells: 4/5 levels left
                                        Lives:  0   Deaths: 0

rFire    . . .     SeeInvis +     - Unarmed
rCold    . . .     Gourm    .   (shield unavailable)
rNeg     . . .     Faith    .   (armour unavailable)
rPois    .         Spirit   .   (helmet unavailable)
rElec    .         Reflect  .   (cloak unavailable)
rCorr    .         Harm     .   (gloves unavailable)
MR       .....                  (boots unavailable)
Stlth    ++........             (no amulet)
HPRegen  0.04/turn              (no ring)
MPRegen  0.10/turn              (no ring)

@: constricted, quick
A: very small, no armour, no weapons or thrown items, stealth, claws 1, fangs 3,
see invisible, carnivore, speed 1, shaggy fur 1, slow metabolism 1, sharp paws
a: no special abilities


You were on level 1 of the Dungeon.
You were very full.

You visited 1 branch of the dungeon, and saw 1 of its levels.

You collected 36 gold pieces.

Inventory:

Missiles
 a - 7 stones
 c - 6 arrows
Scrolls
 d - a scroll of teleportation {unknown}
Comestibles
 b - a ration


   Skills:
 + Level 2.1 Fighting
 + Level 3.3 Dodging
 * Level 1.1 Stealth
 * Level 2.1 Unarmed Combat
 * Level 2.2 Spellcasting
 * Level 3.8 Charms


You had 4 spell levels left.
You knew the following spells:

 Your Spells              Type           Power        Failure   Level  Hunger
a - Infusion              Chrm           ##..         4%          1    #......

Your spell library contained the following spells:

 Spells                   Type           Power        Failure   Level  Hunger
 Song of Slaying          Chrm           ##......     8%          2    ###....
 Shroud of Golubria       Chrm/Tloc      #.....       16%         2    ###....
 Regeneration             Chrm/Necr      #.........   32%         3    ###....
 Spectral Weapon          Hex/Chrm       Unusable     N/A         3    N/A

Dungeon Overview and Level Annotations

Branches:
Dungeon (1/15)

Altars:


Innate Abilities, Weirdness & Mutations

You cannot wear armour.
You are incapable of wielding weapons or throwing items.
Your paws allow you to move quietly. (Stealth)
You have sharp claws.
You have razor-sharp teeth.
You have supernaturally acute eyesight. (SInv)
You are carnivorous and can eat meat at any time.
You cover ground quickly.
You are covered in fur. (AC +1)
You have a slow metabolism.
Your sharp claws are effective at attacking unaware monsters.


Message History

The ball python closely misses you. The ball python misses you.
The goblin hits you.
You completely miss the goblin. You bite the goblin.
The goblin is severely wounded.
The ball python misses you. The ball python grabs you.
The ball python constricts you. The goblin closely misses you.
You barely miss the goblin.
The goblin is severely wounded.
The ball python closely misses you.
* * * LOW HITPOINT WARNING * * *
The ball python constricts you. The goblin barely misses you.
You closely miss the goblin.
The goblin is severely wounded.
The ball python bites you.
* * * LOW HITPOINT WARNING * * *
x2 The ball python constricts you.
You scratch the goblin but do no damage.
The goblin is severely wounded.
The ball python bites you.
You die...

#####.###..##. ..##.............
#$.#.#...#.......
#..#.#+#+#.....#.
#..#...........#.
#........##..#.............
#........ #..#.............
#.......###S.#........#.#..
#........g@................
#...^..####..###......#....
#..........................
#....#.##.#..#.##.....#..#.
#...............+..........
..#####..#.........#.##.....#...#
.........#.#.##...............###
######...##........########.#.#
..........+........... #.#.# #


You could see a goblin and a ball python.

Vanquished Creatures
  A bat (D:1)
  3 goblins (D:1)
  3 kobolds (D:1)
  A frilled lizard (D:1)
  4 rats (D:1)
12 creatures vanquished.

Notes
Turn   | Place    | Note
-------+----------+-------------------------------------------
     0 | D:1      | Descartes the Felid Skald began the quest for the Orb.
     0 | D:1      | Reached XP level 1. HP: 9/9 MP: 4/4
   518 | D:1      | Reached skill level 1 in Stealth
   518 | D:1      | Reached XP level 2. HP: 5/13 MP: 6/6
   929 | D:1      | Slain by a ball python

Levels and vault maps discovered:
D:1:      minmay_arrival_glassed_features, layout_basic,
          hangedman_abyss_or_decor_stabs, minmay_domino_2

Skill      XL: |  1 |
---------------+----+-----
Stealth        | 1 |  1.1
Fighting       | |  2.1
Dodging        | |  3.3
Unarmed Combat | |  2.1
Spellcasting   | |  2.2
Charms         | |  3.8

Action                   || total
-------------------------++-------
Melee: Unarmed           ||    54
       Bite              ||     3
 Stab: Sleeping          ||     1
  Eat: Chunk             ||     5
Armor: Skin              ||     1
Dodge: Dodged            ||    50
